 Dungeon Crawl Stone Soup version 0.28.0-53-g5a82cb258f (webtiles) character file.

Game seed: 3322408101242959237

177 cbfl8 the Chopper (level 5, 0/69 HPs)
             Began as a Minotaur Berserker on July 28, 2022.
             Was a Believer of Trog.
             Slain by Pikel
             ... wielding a +1 whip of electrocution
              (16 damage)
             ... on level 4 of the Dungeon.
             The game lasted 00:03:19 (2384 turns).

cbfl8 the Chopper (Minotaur Berserker)              Turns: 2384, Time: 00:03:20

Health: 0/69       AC: 12    Str: 22    XL:     5   Next: 31%
Magic:  4/4        EV:  7    Int:  4    God:    Trog [**....]
Gold:   203        SH:  0    Dex: 11    Spells: 4/4 levels left

rFire   . . .      SeeInvis .   a - +0 hand axe
rCold   . . .      Faith    +   (no shield)
rNeg    . . .      Spirit   .   q - +0 plate armour
rPois   .          Reflect  .   (helmet restricted)
rElec   .          Harm     .   (no cloak)
rCorr   .          Rampage  .   (no gloves)
Will    .....                   d - +0 pair of boots
Stlth   ..........              g - amulet of faith
HPRegen 0.21/turn               (no ring)
MPRegen 0.09/turn               (no ring)

@: berserking (expiring), very quick
A: horns 2, retaliatory headbutt
a: Renounce Religion, Berserk, Trog's Hand


You were on level 4 of the Dungeon.
You worshipped Trog.
Trog was pleased with you.
You visited 1 branch of the dungeon, and saw 4 of its levels.

You collected 203 gold pieces.

Inventory:

Hand Weapons
 a - a +0 hand axe (weapon)
Armour
 b - a +0 animal skin
 d - a +0 pair of boots (worn)
 m - a +0 ring mail
 o - a +0 scale mail
 q - a +0 plate armour (worn)
Jewellery
 g - an amulet of faith (around neck)
Wands
 i - a wand of acid (7) (quivered)
 p - a wand of flame (10)
Scrolls
 e - a scroll of enchant weapon {unknown}
 h - a scroll of fear {unknown}
 k - 2 scrolls of blinking {unknown}
 l - a scroll of identify {unknown}
Potions
 c - a potion of curing {unknown}
 f - a potion of flight {unknown}
 j - a potion of lignification {unknown}
 n - a potion of berserk rage {unknown}


   Skills:
 * Level 4.2 Fighting
 * Level 6.1 Axes
 + Level 2.9 Armour
 * Level 3.1 Dodging
 + Level 0.4 Stealth
 * Level 0.2 Evocations


You had 4 spell levels left.
You didn't know any spells.
Your spell library was empty.

Dungeon Overview and Level Annotations

Branches:
Dungeon (4/15)
 Temple: D:4-7

Altars:
Gozag

Shops:
D:2 *

Annotations:
D:4 Pikel


Innate Abilities, Weirdness & Mutations

You have a pair of horns on your head.
You reflexively headbutt those who attack you in melee.


Message History

Unknown command.
You barely miss the lemure.
The lemure is almost dead.
You hit the lemure. You slash the lemure!
The lemure hits you but does no damage. x2
Unknown command.
You closely miss the lemure.
The lemure is almost dead.
You completely miss the lemure. You miss the lemure. The lemure hits you.
A lemure comes into view.
Unknown command.
You slash the lemure!
You kill the lemure!
That felt strangely unrewarding.
You slash the lemure! You barely miss the lemure. The lemure barely misses you.
The lemure hits you.
Unknown command.
You slash the lemure!
You kill the lemure!
That felt strangely unrewarding.
You hit Pikel. You closely miss the lemure.
Unknown command.
You barely miss Pikel.
Pikel is lightly wounded.
You closely miss the lemure. Pikel hits you but does no damage.
You are electrocuted!
The lemure hits you.
Unknown command.
You slash Pikel!
Pikel is moderately wounded.
You barely miss the lemure. You closely miss the lemure.
The lemure hits you but does no damage. Pikel hits you but does no damage.
You are electrocuted!
The lemure hits you but does no damage.
Unknown command.
You are too injured to fight recklessly!
Unknown command.
You are too injured to fight recklessly!
You slash Pikel! Your headbutt misses Pikel.
Pikel is heavily wounded.
You miss the lemure. You slash the lemure! The lemure hits you. x2
* * * LOW HITPOINT WARNING * * *
Pikel hits you but does no damage.
You are electrocuted!
You die...

.# ♣#.#.#.#♣
♣#...#...#♣
#.#.#.#.#.#♣
#...#.#.#...#♣
#.#.#.#.#.#.#.#
...#...#...#...#
#.#.#.#.#.#.#.#.♣
.#.#.#.#.#.#.#..♣
.#.#.#.#@#.#.#.♣
.#...#5K5#...#♣
#.#$#.#.#.#.#♣
...#.#.#...#♣
#.#.# # # #♣ ♣#..
♣#


You could see Pikel and 2 lemures.

Vanquished Creatures
  2 lemures (D:4)
  A hound (D:2)
  An orc wizard (D:2)
  7 adders
  3 worms
  A dart slug (D:2)
  3 orcs (D:2)
  2 bats
  9 endoplasms
  A giant cockroach (D:1)
  2 goblins
  8 hobgoblins
  A quokka (D:2)
  A ball python (D:4)
  4 frilled lizards
  3 kobolds
  3 rats
52 creatures vanquished.

Vanquished Creatures (others)
  2 plants (D:4)
2 creatures vanquished.

Grand Total: 54 creatures vanquished

Notes
Turn   | Place    | Note
-------+----------+-------------------------------------------
     0 | D:1      | cbfl8 the Minotaur Berserker began the quest for the Orb.
     0 | D:1      | Reached XP level 1. HP: 19/19 MP: 0/0
   264 | D:1      | Reached skill level 4 in Axes
   264 | D:1      | Reached XP level 2. HP: 22/27 MP: 1/1
   697 | D:2      | Reached skill level 5 in Axes
   697 | D:2      | Reached XP level 3. HP: 30/33 MP: 2/2
   716 | D:2      | Reached XP level 4. HP: 32/40 MP: 3/3
  1129 | D:2      | Reached ** piety under Trog
  1352 | D:2      | Found Hoynkuh's Assorted Antiques.
  1606 | D:3      | Found an opulent altar of Gozag.
  1785 | D:3      | Reached XP level 5. HP: 45/46 MP: 4/4
  1789 | D:3      | Reached skill level 6 in Axes
  2012 | D:3      | Noticed a golden eye
  2015 | D:3      | Found a faded altar of an unknown god.
  2017 | D:3      | Noticed an eye of devastation
  2017 | D:3      | Noticed a golden eye
  2017 | D:3      | Noticed an eye of devastation
  2371 | D:4      | Noticed a lemure
  2371 | D:4      | Noticed a lemure
  2373 | D:4      | Noticed a lemure
  2377 | D:4      | Noticed Pikel
  2379 | D:4      | Noticed a lemure
  2380 | D:4      | Killed a lemure
  2381 | D:4      | Killed a lemure
  2384 | D:4      | Slain by Pikel

Illustrated notes

Levels and vault maps discovered:
D:1:      dpeg_arrival_concentric_ovals, layout_basic
D:2:      layout_rooms, serial_shops, shop, minmay_increasing_density
D:3:      layout_basic, nicolae_gozag_cash_rules_everything_around_me,
          hellmonk_ecumenical_altar_watching_god
D:4:      layout_loops_ring, nicolae_elyvilon_temple_path,
          mainiacjoe_overflow_paths, kennysheep_mini, marbit_many_paths,
          kennysheep_cluttered_room, roderic_serpentine_path,
          hangedman_decor_lopped, chequers_serial_rivers_room_b, uniq_pikel

Skill      XL: |  1  2  3  4  5 |
---------------+----------------+-----
Axes           | 4 5 6 |  6.1
Fighting       | 4 |  4.2
Dodging        | 3 |  3.1
Armour         | |  2.9
Stealth        | |  0.4
Evocations     | |  0.2

Action                   |  1- 3 |  4- 6 || total
-------------------------+-------+-------++-------
Melee: Hand axe          |    42 |   100 ||   142
       Headbutt          |    10 |    14 ||    24
       Punch             |       |     1 ||     1
Invok: Berserk           |     1 |     1 ||     2
 Stab: Distracted        |       |     1 ||     1
Armor: Animal skin       |     6 |     3 ||     9
       Ring mail         |       |     7 ||     7
       Scale mail        |       |    13 ||    13
       Plate armour      |       |    10 ||    10
Dodge: Dodged            |    15 |    56 ||    71
